 Dungeon Crawl Stone Soup version 0.30.1-3-gfc49f6343a (webtiles) character file.

Game seed: 10066708434481935188

104 Babbit the Covered (level 4, -7/41 HPs)
             Began as a Minotaur Fighter on July 20, 2023.
             Mangled by an ogre
             ... wielding a +0 giant club
              (14 damage)
             ... on level 3 of the Dungeon.
             The game lasted 00:14:06 (1675 turns).

Babbit the Covered (Minotaur Fighter)               Turns: 1675, Time: 00:14:06

Health: -7/41      AC:  7    Str: 23    XL:     4   Next: 52%
Magic:  3/3        EV:  9    Int:  5    God:
Gold:   100        SH:  9    Dex:  9    Spells: 3/3 levels left

rFire   . . .        a - +0 war axe
rCold   . . .        c - +0 buckler
rNeg    . . .        b - +0 scale mail
rPois   .            (helmet restricted)
rElec   .            (no cloak)
rCorr   .            (no gloves)
SInv    .            (no boots)
Will    .....        l - amulet of reflection Stlth
                     (no ring)
HPRegen 0.26/turn    (no ring)
MPRegen 0.08/turn

%: reflection
@: no status effects
A: horns 2, retaliatory headbutt
a: no special abilities


You were on level 3 of the Dungeon.
You visited 1 branch of the dungeon, and saw 3 of its levels.

You collected 100 gold pieces.

Inventory:

Hand Weapons
 a - a +0 war axe (weapon)
Missiles
 o - 3 poisoned darts (quivered)
 p - a throwing net
Armour
 b - a +0 scale mail (worn)
 c - a +0 buckler (worn)
Jewellery
 l - an amulet of reflection (around neck)
Scrolls
 j - a scroll of enchant weapon {unknown}
 k - a scroll of immolation {unknown}
 n - a scroll of torment {unknown}
 q - a scroll of noise {unknown}
Potions
 d - a potion of might
 f - 4 potions of brilliance
 g - 3 potions of curing {unknown}
 h - a potion of lignification
 i - a potion of magic {unknown}
 m - 2 potions of ambrosia


   Skills:
 + Level 4.3 Fighting
 * Level 4.1 Axes
 + Level 4.3 Armour
 + Level 4.3 Shields


You had 3 spell levels left.
You didn't know any spells.
Your spell library contained the following spells:

 Spells                   Type           Power      Damage    Failure   Level
 Inner Flame              Hex/Fire       0%         N/A       99%         3
 Yara's Violent Unravell  Hex/Tmut       0%         3d3       100%        5
 Enfeeble                 Hex            0%         N/A       100%        7


Dungeon Overview and Level Annotations

Branches:
Dungeon (3/15)

Altars:

Annotations:
D:3 1 transporter, bairyn's ghost, weakling SpRe


Innate Abilities, Weirdness & Mutations

You have a pair of horns on your head.
You reflexively headbutt those who attack you in melee.


Message History

Found a stone staircase leading down.
Found a whip.
Found a chain mail.
Found 15 gold pieces.
You see here a +0 chain mail.
You now have 100 gold pieces (gained 15).
Found a stone staircase leading down.
Found 6 stones.
Found a transporter.
The ogre shouts!
You hear a shout!
Found a ring mail.
Found 10 gold pieces.
Found a transporter.
Bairyn's ghost shouts, "Death is your only future!"
Okay, then.
There is a transporter here.
You enter the transporter and appear at another place.
Bairyn's ghost hits you.
You barely miss bairyn's ghost. Your headbutt misses bairyn's ghost.
Bairyn's ghost barely misses you. You furiously retaliate!
You headbutt bairyn's ghost. You barely miss bairyn's ghost.
Bairyn's ghost is heavily damaged.
Bairyn's ghost hits you.
You barely miss bairyn's ghost.
Bairyn's ghost is heavily damaged.
Bairyn's ghost hits you but does no damage. x2
The ogre hits you with a +0 giant club!!
You barely miss bairyn's ghost.
Bairyn's ghost is heavily damaged.
You hit the ogre. You block bairyn's ghost's attack.
The ogre hits you with a +0 giant club!
* * * LOW HITPOINT WARNING * * *
You miss bairyn's ghost.
Bairyn's ghost is heavily damaged.
You hit the ogre.
Bairyn's ghost hits you but does no damage.
You barely miss bairyn's ghost.
Bairyn's ghost is heavily damaged.
You barely miss the ogre. The ogre hits you with a +0 giant club!
You die...

#.........# #.........#
#.........# #.........#
#...>......
#############..........
#.....©.....##.........
#..##O..##..##.......##
#.#..#@#..#.#....#.###
#.#..#W#..#.#....#.#### .
#..##.O.##..#..........
..#....$[....©#...#......
..#############..........
#.....©.©........#......
#................#......
#####.#.#.(.....##......
#...#.......######..


You could see 2 ogres and bairyn's ghost.

Vanquished Creatures
  Jessica (D:2)
  4 gnolls (D:2)
  A worm (D:1)
  A dart slug (D:3)
  A ball python (D:2)
  3 bats
  6 endoplasms
  3 giant cockroaches
  3 hobgoblins (D:1)
  4 quokkas
  6 frilled lizards
  2 kobolds
  2 rats (D:1)
37 creatures vanquished.

Notes
Turn   | Place    | Note
-------+----------+-------------------------------------------
     0 | D:1      | Babbit the Minotaur Fighter began the quest for the Orb.
     0 | D:1      | Reached XP level 1. HP: 19/19 MP: 0/0
   184 | D:1      | Reached XP level 2. HP: 26/27 MP: 1/1
   499 | D:1      | Found a faded altar of an unknown god.
   788 | D:2      | Noticed Jessica
   800 | D:2      | Killed Jessica
   801 | D:2      | Reached XP level 3. HP: 16/33 MP: 2/2
   999 | D:2      | Reached XP level 4. HP: 35/40 MP: 3/3
  1655 | D:3      | Found a transporter.
  1655 | D:3      | Noticed an ogre
  1655 | D:3      | Noticed bairyn's ghost (weakling SpRe)
  1656 | D:3      | Identified the +5 dire flail "Miakhoth" {elec, rCorr Str+3}
  1656 | D:3      | Noticed an ogre
  1658 | D:3      | Found a transporter.
  1675 | D:3      | Mangled by an ogre

Illustrated notes

Levels and vault maps discovered:
D:1:      ldierk_walled_garden, layout_basic,
          ebering_ecumenical_altar_sacrificial, nicolae_wormholes
D:2:      layout_basic, uniq_jessica
D:3:      layout_rooms, nicolae_ru_great_annihilating_truth,
          mainiacjoe_overflow_small_starburst, mainiacjoe_overflow_divided_tiny,
          nicolae_tso_carved_into_rock, gammafunk_ghost_smash

Skill      XL: |  1  2  3  4 |
---------------+-------------+-----
Axes           | 3 4 |  4.1
Armour         | 4 |  4.3
Fighting       | 4 |  4.3
Shields        | 4 |  4.3

Action                     |  1- 3 |  4- 6 || total
---------------------------+-------+-------++-------
  Melee: War axe           |    59 |    28 ||    87
         Headbutt          |     6 |     2 ||     8
    Use: Potion            |     1 |       ||     1
         Scroll            |       |     3 ||     3
 Armour: Scale mail        |    15 |    11 ||    26
         Skin              |     5 |       ||     5
  Dodge: Dodged            |    19 |     7 ||    26
  Block: Buckler           |    24 |     7 ||    31
